 Dungeon Crawl Stone Soup version 0.27-b1-42-g19c61b19a5 (webtiles) character file.

Game seed: 1640461560600363004

6828 Wyvernaa the Spear-Bearer (level 11, -7/86 HPs)
             Began as a Formicid Fighter on July 29, 2021.
             Was an Elder of Okawaru.
             Mangled by a fire crab (shapeshifter) (8 damage)
             ... on level 9 of the Dungeon on July 30, 2021.
             The game lasted 00:33:49 (7994 turns).

Wyvernaa the Spear-Bearer (Formicid Fighter)        Turns: 7994, Time: 00:33:51

Health: -7/86      AC: 13    Str: 29    XL:     11   Next: 25%
Magic:  15/15      EV: 11    Int:  8    God:    Okawaru [****..]
Gold:   761        SH: 13    Dex: 14    Spells: 10/10 levels left

rFire    . . .     SeeInvis +   a - +5 trident
rCold    . . .     Faith    .   c - +1 kite shield
rNeg     . . .     Spirit   .   b - +0 scale mail
rPois    .         Reflect  .   (helmet unavailable)
rElec    .         Harm     .   (no cloak)
rCorr    .         Rampage  .   d - +0 pair of gloves {Dex+3}
Will     +....                  (no boots)
Stlth    +.........             e - amulet of regeneration
HPRegen  1.24/turn              k - +4 ring of protection
MPRegen  0.14/turn              l - +6 ring of strength

@: mighty
A: permanent stasis, dig shafts and tunnels, antennae 3, four strong arms
a: Dig, Shaft Self, Renounce Religion, Heroism


You were on level 9 of the Dungeon.
You worshipped Okawaru.
Okawaru was greatly pleased with you.
You visited 2 branches of the dungeon, and saw 10 of its levels.
You also visited: Sewer and Bailey.

You collected 761 gold pieces.

Inventory:

Hand Weapons
 a - a +5 trident (weapon)
 s - a +2 vorpal trident
 t - a +2 halberd of flaming
Armour
 b - a +0 scale mail (worn)
 c - a +1 kite shield (worn)
 d - a +0 pair of gloves of dexterity (worn)
 p - a +0 plate armour
Jewellery
 e - an amulet of regeneration (around neck)
 i - a ring of flight
 k - a +4 ring of protection (left hand)
 l - a +6 ring of strength (right hand)
 m - a ring of protection from cold
 n - an amulet of reflection
 w - a ring of protection from cold
 x - a +4 ring of protection
Wands
 g - a wand of flame (43)
 r - a wand of acid (7)
 u - a wand of paralysis (11)
Potions
 f - 3 potions of mutation
 h - 5 potions of attraction
 j - 2 potions of flight
 o - a potion of lignification {unknown}
 v - 2 potions of curing


   Skills:
 + Level 7.9 Fighting
 + Level 10.6 Polearms
 + Level 7.4 Armour
 + Level 3.3 Dodging
 + Level 2.2 Stealth
 + Level 8.1 Shields
 * Level 6.5 Invocations


You had 10 spell levels left.
You didn't know any spells.
Your spell library contained the following spells:

 Spells                   Type           Power      Damage    Failure   Level
 Animate Skeleton         Necr           0%         N/A       71%         1
 Apportation              Tloc           0%         N/A       71%         1
 Corona                   Hex            0%         N/A       71%         1
 Sandblast                Erth           0%         2d4       71%         1
 Summon Small Mammal      Summ           0%         N/A       71%         1
 Passwall                 Tmut/Erth      0%         N/A       83%         2
 Dazzling Flash           Conj/Hex       0%         N/A       97%         3
 Stone Arrow              Conj/Erth      0%         3d7       97%         3
 Tukima's Dance           Hex            0%         N/A       97%         3
 Animate Armour           Summ/Erth      0%         N/A       100%        4
 Iskenderun's Mystic Bla  Conj/Tloc      0%         2d3       100%        4
 Passage of Golubria      Tloc           N/A        N/A       100%        4
 Blade Hands              Tmut           0%         N/A       100%        5
 Bolt of Magma            Conj/Fire/Erth 0%         4d4       100%        5
 Lee's Rapid Deconstruct  Erth           0%         3d5*      100%        5
 Yara's Violent Unravell  Hex/Tmut       0%         3d3       100%        5
 Iron Shot                Conj/Erth      0%         9d1       100%        6
 Starburst                Conj/Fire      0%         8x6d3     100%        6
 Shatter                  Erth           0%         3d5*      100%        9


Dungeon Overview and Level Annotations

Branches:
Dungeon (9/15)             Temple (1/1) D:4           Sewer (visited)
 Bailey (visited)
   Lair: D:8-11         Orc: D:9-12

Altars:
Cheibriados
Dithmenos
Elyvilon
Fedhas
Gozag
Hepliaklqana
Kikubaaqudgha
Makhleb
Nemelex Xobeh
Okawaru
Qazlal
Ru
Sif Muna
Trog
Uskayaw
Vehumet
Wu Jian
Xom
Yredelemnul
Zin
The Shining One

Annotations:
D:4 1 runed translucent door, Crazy Yiuf


Innate Abilities, Weirdness & Mutations

You cannot be hasted, slowed, berserked, paralysed or teleported.
You can dig through walls and to a lower floor.
You have a pair of large antennae on your head. (SInv)
Your four strong arms can wield two-handed weapons with a shield.


Message History

You start resting.
HP restored.
A wight comes into view. It is wielding a +1 battleaxe.
The wight closely misses you.
You closely miss the wight. You puncture the wight!
The wight is heavily damaged.
You block the wight's attack.
You puncture the wight!
You destroy the wight!
Okawaru accepts your kill.
No target in view!
No target in view!
Things that are here:
a +1 battleaxe; a +0 robe You sense a monster nearby.
A fire crab comes into view.
Found a long sword, a gnarled smoking staff, a glowing spear and a fine robe.
The fire crab bites you.
You are engulfed in flames!
The fire crab closely misses you.
You hit the fire crab but do no damage. You block the fire crab's attack.
The fire crab claws you but does no damage.
You impale the fire crab!!
The fire crab is moderately wounded.
You hear a deafening roar!
The fire crab breathes flames at you. The blast of flame engulfs you.
You feel very mighty all of a sudden.
You are engulfed in blazing flames.
The fire crab bites you!
You are engulfed in flames!
The fire crab claws you.
You are engulfed in flames!
* * * LOW HITPOINT WARNING * * *
You impale the fire crab!!
The fire crab is severely wounded.
You are engulfed in blazing flames.
* * * LOW HITPOINT WARNING * * *
The fire crab bites you!
* * * LOW HITPOINT WARNING * * *
You are engulfed in flames!
You die...

#..#
#......###.#...####.##
#..## #..##.....##.#.#
#.#
#..)###...###...##..#.#
#.#
##.......##.#####.).#.#
#.#
##.....###........##.#
#.# ###.###
###########.# #.#
####.#### ##°°.# #.#
#.# #..#....# ##°#
#.####.##
#....#..###@##
#........
##.##.#.###t##{
#..######
#...#(#..°°#..)8..#
#..#
###.####°##.##t)[##
#..# #..#....# #.# .##
#..# #....#..# #.# #
#..# ####.#### #.. #..#
### ### #..#


You could see a fire crab.

Vanquished Creatures
  Pikel (D:4)
  A hornet (D:8)
  4 yaks (D:8)
  A wraith (D:9)
  Grum (D:8)
  A wyvern (D:9)
  Edmund (D:5)
  7 water moccasins
  Duvessa (D:4)
  3 orc warriors
  2 black bears
  4 sky beasts
  4 centaurs
  3 ogres
  3 wolves (D:8)
  3 kobold brigands
  2 scorpions
  3 gnoll sergeants
  2 bullfrogs
  A water moccasin zombie (D:5)
  Dowan (D:4)
  3 killer bees (D:9)
  A wight (D:9)
  5 howler monkeys
  6 electric eels
  2 centaur zombies
  A jelly (D:6)
  3 orc priests
  2 gnoll shamans
  3 hounds
  An iron imp (D:7)
  2 bullfrog skeletons
  2 centaur skeletons
  4 iguanas
  Natasha (thrice) (D:2)
  6 orc wizards
  A killer bee zombie (D:7)
  A hound zombie (D:5)
  2 hound skeletons (D:4)
  A howler monkey zombie (D:6)
  18 gnolls
  7 adders
  3 ufetubi (D:6)
  2 worms
  4 dart slugs
  13 orcs
  6 endoplasms
  4 giant cockroaches
  7 goblins
  3 hobgoblins
  3 jackals (D:3)
  2 quokkas (D:1)
  10 ball pythons
  7 bats
  4 frilled lizards (D:1)
  12 kobolds
  5 rats
208 creatures vanquished.

Vanquished Creatures (others)
  3 fungi (D:4)
3 creatures vanquished.

Grand Total: 211 creatures vanquished

Notes
Turn   | Place    | Note
-------+----------+-------------------------------------------
     0 | D:1      | Wyvernaa the Formicid Fighter began the quest for the Orb.
     0 | D:1      | Reached XP level 1. HP: 18/18 MP: 1/1
   371 | D:1      | Reached XP level 2. HP: 24/24 MP: 2/2
   687 | D:1      | Reached XP level 3. HP: 29/29 MP: 3/3
   753 | D:1      | Found a faded altar of an unknown god.
  1041 | D:2      | Noticed Natasha
  1047 | D:2      | Killed Natasha
  1048 | D:2      | Reached XP level 4. HP: 31/36 MP: 4/4
  1058 | D:2      | Noticed Natasha
  1069 | D:2      | Killed Natasha
  1186 | D:2      | Noticed Natasha
  1195 | D:2      | Killed Natasha
  1196 | D:2      | Reached XP level 5. HP: 40/43 MP: 5/5
  1562 | D:3      | Found a glowing drain.
  1580 | Sewer    | Entered a sewer
  1609 | Sewer    | Noticed a water moccasin
  1617 | Sewer    | Killed a water moccasin
  1618 | Sewer    | Reached skill level 3 in Polearms
  1618 | Sewer    | Reached skill level 1 in Dodging
  1618 | Sewer    | Reached XP level 6. HP: 37/49 MP: 6/6
  2559 | D:4      | Reached skill level 4 in Polearms
  2574 | D:4      | Identified a scroll of acquirement
  2574 | D:4      | Acquired a +0 pair of gloves of dexterity
  2785 | D:4      | Reached skill level 1 in Stealth
  2785 | D:4      | Reached XP level 7. HP: 55/55 MP: 7/7
  2812 | D:4      | Found a staircase to the Ecumenical Temple.
  2813 | D:4      | Noticed Pikel
  2856 | D:4      | Killed Pikel
  2857 | D:4      | Reached skill level 5 in Fighting
  2857 | D:4      | Reached skill level 6 in Polearms
  2857 | D:4      | Reached skill level 5 in Armour
  2857 | D:4      | Reached skill level 5 in Shields
  2857 | D:4      | Reached XP level 8. HP: 37/63 MP: 8/8
  3005 | Temple   | Entered the Ecumenical Temple
  3077 | Temple   | Became a worshipper of Warmaster Okawaru
  3092 | D:4      | Noticed Duvessa
  3093 | D:4      | Noticed Dowan
  3120 | D:4      | Killed Duvessa
  3127 | D:4      | Killed Dowan
  3424 | D:4      | Found a stormy altar of Qazlal.
  3743 | D:4      | Found a runed translucent door.
  3744 | D:4      | Noticed Crazy Yiuf
  3777 | D:5      | Entered Level 5 of the Dungeon
  3800 | D:5      | Reached skill level 7 in Polearms
  3898 | D:5      | Reached XP level 9. HP: 69/69 MP: 9/9
  3926 | D:5      | Noticed Edmund
  3949 | D:5      | Reached * piety under Okawaru
  3957 | D:5      | Killed Edmund
  4043 | D:5      | Reached skill level 8 in Polearms
  4043 | D:5      | Reached skill level 1 in Invocations
  4416 | D:6      | Found a sacrificial altar of Ru.
  4521 | D:6      | Reached ** piety under Okawaru
  4636 | D:6      | Found a glowing silver altar of Zin.
  4640 | D:6      | Found a glowing golden altar of the Shining One.
  4644 | D:6      | Found a hide-covered altar of Uskayaw.
  4781 | D:6      | Reached XP level 10. HP: 77/77 MP: 12/12
  4963 | D:6      | Reached skill level 9 in Polearms
  5113 | D:7      | Identified the +10 quarterstaff "Orb Guardian's Curse"
                  | {holy, rN+ Str+4 Int+4 Dex-4}
  5257 | D:7      | Reached *** piety under Okawaru
  5321 | D:7      | Found an opulent altar of Gozag.
  5760 | D:7      | Found a snail-covered altar of Cheibriados.
  5930 | D:8      | Found a flagged portal.
  5940 | Bailey   | Entered a bailey
  6343 | Bailey   | HP: 3/79 [electric eel/bolt of electricity (13)]
  6913 | D:8      | Reached skill level 5 in Invocations
  7015 | D:8      | Reached skill level 10 in Polearms
  7161 | D:8      | Reached **** piety under Okawaru
  7206 | D:8      | Noticed Grum
  7222 | D:8      | Killed Grum
  7223 | D:8      | Reached XP level 11. HP: 84/84 MP: 15/15
  7986 | D:9      | Noticed a fire crab
  7994 | D:9      | HP: 1/86 [fire crab (shapeshifter) (10)]
  7994 | D:9      | Mangled by a fire crab (shapeshifter)

Illustrated notes

Levels and vault maps discovered:
D:1:      mainiacjoe_arrival_reflecting_pool, layout_loops_ring,
          dreamdust_ecumenical_altar_angels_and_demons
D:2:      layout_rooms, st_stairs_12, uniq_natasha
D:3:      layout_loops_cross, portal_sewer_entry_f, saegor_snake_ambush
D:4:      layout_cave_pods, general_overflow_altar, minmay_temple_entry_tees,
          chequers_mini_garden, uniq_duvessa, uniq_pikel,
          uniq_crazy_yiuf_cottage
D:5:      layout_basic, uniq_edmund
D:6:      layout_basic, grunt_temple_overflow_diamond,
          nicolae_ru_sacrificial_ziggurat
D:7:      layout_cave_pools, nicolae_gozag_cash_rules_everything_around_me,
          slow_altar_2, serial_column_ruins, column_ruins_pillar_4,
          column_ruins_pillar_3, column_ruins_pillar_3, column_ruins_pillar_11,
          column_ruins_pillar_2, column_ruins_pillar_2, column_ruins_pillar_9,
          column_ruins_pillar_10, column_ruins_pillar_2, column_ruins_pillar_8,
          column_ruins_pillar_2, column_ruins_pillar_6, chequers_garden,
          lightli_minifort
D:8:      layout_rooms, enter_bailey_2, minmay_misc_feat_iff, uniq_grum
D:9:      layout_small_grid, dpeg_oklobed_lair, minmay_the_grid_2x2
          [minmay_the_grid_aliased_spiral, minmay_the_grid_outer_circle,
          minmay_the_grid_embedded, minmay_the_grid_prize_diamond_cup]
Temple:   eino_temple_lava

Skill      XL: |  1  2  3  4  5  6  7  8  9 10 11 |
---------------+----------------------------------+-----
Shields        | 4 5 6 7 8 |  8.1
Fighting       | 4 5 6 7 |  7.9
Armour         | 4 5 6 7 |  7.4
Polearms       | 3 4 6 7 8 10 | 10.6
Dodging        | 1 2 3 |  3.3
Stealth        | 1 2 |  2.2
Invocations    | 3 5 6 |  6.5

Action                   |  1- 3 |  4- 6 |  7- 9 | 10-12 || total
-------------------------+-------+-------+-------+-------++-------
Melee: Trident           |    84 |   132 |   239 |   356 ||   811
 Abil: Dig               |       |     1 |     7 |    24 ||    32
  Use: Scroll            |     4 |     8 |     5 |     4 ||    21
       Potion            |       |     1 |     2 |     1 ||     4
Armor: Scale mail        |    17 |    35 |    61 |    39 ||   152
Dodge: Dodged            |    19 |    33 |    35 |    52 ||   139
Block: Kite shield       |    27 |    62 |   119 |   145 ||   353
